 Dungeon Crawl Stone Soup version 0.21-a0-525-ga34b322 (webtiles) character file.

53 solxrula the Cudgeler (level 3, -1/36 HPs)
             Began as a Troll Berserker on Dec 7, 2017.
             Was a Believer of Trog.
             Slain by Natasha (5 damage)
             ... on level 2 of the Dungeon.
             The game lasted 00:04:21 (1000 turns).

solxrula the Cudgeler (Troll Berserker)             Turns: 1000, Time: 00:04:21

Health: -1/36      AC:  5    Str: 26    XL:     3   Next: 62%
Magic:  2/2        EV: 10    Int:  3    God:    Trog [**....]
Gold:   52         SH:  0    Dex:  9    Spells: 2/2 levels left

rFire    . . .     SeeInvis .   a - +0 mace
rCold    . . .     Gourm    +   (no shield)
rNeg     . . .     Faith    .   b - +0 animal skin
rPois    .         Spirit   .   (helmet restricted)
rElec    .         Reflect  .   (no cloak)
rCorr    .         Harm     .   (gloves unavailable)
MR       .....                  (boots unavailable)
Stlth    +.........             d - amulet of inaccuracy (curse)
HPRegen  0.52/turn              (no ring)
MPRegen  0.08/turn              (no ring)

@: berserk cooldown, slowed, very slow
A: large, unfitting armour, claws 3, fast metabolism 3, gourmand, regeneration
1, shaggy fur 1, tough skin 2
a: Berserk, Trog's Hand, Burn Spellbooks, Renounce Religion


You were on level 2 of the Dungeon.
You worshipped Trog.
Trog was pleased with you.
You were very full.

You visited 1 branch of the dungeon, and saw 2 of its levels.

You collected 52 gold pieces.

Inventory:

Hand Weapons
 a - a +0 mace (weapon)
Armour
 b - a +0 animal skin (worn)
Jewellery
 d - a cursed amulet of inaccuracy (around neck)
Potions
 e - a potion of curing {unknown}
Comestibles
 c - 4 bread rations


   Skills:
 + Level 2.7 Fighting
 * Level 3.7 Maces & Flails
 + Level 2.7 Dodging


You had 2 spell levels left.
You didn't know any spells.

Dungeon Overview and Level Annotations

Branches:
Dungeon (2/15)

Altars:

Annotations:
D:2 Natasha


Innate Abilities, Weirdness & Mutations

You are too large for most types of armour.
You have claws for hands.
Your metabolism is lightning-fast.
You like to eat raw meat.
Your natural rate of healing is unusually fast.
You are covered in fur. (AC +1)
You have very tough skin. (AC +2)


Message History

You closely miss Natasha.
Natasha is lightly wounded.
Natasha wildly gestures.
Natasha shimmers violently.
Natasha casts a spell at you. You resist with significant effort.
You closely miss Natasha.
Natasha is lightly wounded.
You are no longer berserk.
You pass out from exhaustion.
You feel as though you will be slow longer.
Natasha hisses.
Natasha claws you but does no damage. Natasha claws you!
* * * LOW HITPOINT WARNING * * *
You can move again.
Natasha claws you.
* * * LOW HITPOINT WARNING * * *
Natasha claws you.
You die...

######## #......###
#.##...... ##.##.#.###
#.....#.# #..####.# #
#..####.# #.
##########.......# #.w
#wh@....##.......###
###...##.#####.##.####.....
...$........##.##.####.....
.h.(........##.##..........
.?..........##.##.#..#.....
###...##.##.##.##....#.....
#... #.......##.......###
#... ####.######.#.#### ...
#.######.#.# ###


You could see a worm and Natasha.

Vanquished Creatures
  A gnoll (D:1)
  3 dart slugs (D:1)
  6 bats (D:1)
  3 giant cockroaches (D:1)
  4 goblins (D:1)
  8 hobgoblins
  2 frilled lizards (D:1)
  5 kobolds
  2 rats (D:1)
34 creatures vanquished.

Notes
Turn   | Place    | Note
-------+----------+-------------------------------------------
     0 | D:1      | solxrula the Troll Berserker began the quest for the Orb.
     0 | D:1      | Reached XP level 1. HP: 22/22 MP: 0/0
   163 | D:1      | Reached skill level 3 in Maces & Flails
   163 | D:1      | Reached XP level 2. HP: 29/29 MP: 1/1
   416 | D:1      | Reached XP level 3. HP: 34/36 MP: 2/2
   481 | D:1      | Reached ** piety under Trog
   976 | D:2      | Noticed Natasha
  1000 | D:2      | Slain by Natasha

Vault maps used:
D:1:      roderic_crop_circles_arrival_small
D:2:      gammafunk_temple_overflow_forgotten, uniq_sigmund, uniq_natasha,
          uniq_jessica

Skill      XL: |  1 |
---------------+----+-----
Maces & Flails | 3 |  3.7
Fighting       | |  2.7
Dodging        | |  2.7

Action                   || total
-------------------------++-------
Melee: Mace              ||   126
Invok: Berserk           ||     1
  Eat: Chunk             ||    14
Armor: Animal skin       ||    49
Dodge: Dodged            ||    61

Table legend:
 A = Spawn XP
 B = Non-spawn XP
 C = Spawn XP percentage of total XP
 D = Spawn monster count
 E = Non-spawn monster count
 F = Spawn count percentage of total count
 G = Total turns spent on level
                    A         B        C        D         E        F      G
               +---------+---------+-------+---------+---------+-------+---------
         Total |       0 |      76 |   0.0 |       0 |      34 |   0.0 |  1000
               +---------+---------+-------+---------+---------+-------+---------
           D:1 |       0 |      72 |   0.0 |       0 |      32 |   0.0 |   854
           D:2 |       0 |       4 |   0.0 |       0 |       2 |   0.0 |   146
               +---------+---------+-------+---------+---------+-------+---------
